 Dungeon Crawl Stone Soup version 0.26.1-2-gb8aa6d0cf2 (webtiles) character file.

Game seed: 8189417290943340414

52 porpoise the Changer (level 3, 0/18 HPs)
             Began as a Vine Stalker Wanderer on Mar 20, 2021.
             Slain by a black bear (1 damage)
             ... on level 2 of the Dungeon.
             The game lasted 00:07:10 (2339 turns).

porpoise the Changer (Vine Stalker Wanderer)        Turns: 2339, Time: 00:07:11

Health: 0/18       AC:  6    Str: 14    XL:     3   Next: 85%
Magic:  0/4        EV: 11    Int: 12    God:
Gold:   105        SH:  0    Dex: 14    Spells: 2/2 levels left

rFire    . . .     SeeInvis .   a - +0 dagger
rCold    . . .     Faith    .   (no shield)
rNeg     . . .     Spirit   +   j - +0 ring mail
rPois    .         Reflect  .   e - +1 hat
rElec    .         Harm     .   (no cloak)
rCorr    .         Rampage  .   (no gloves)
Will     .....                  (no boots)
Stlth    ++........             (no amulet)
HPRegen  0.06/turn              (no ring)
MPRegen  0.09/turn              (no ring)

@: no status effects
A: fangs 2, magic shield, antimagic bite, no potion heal 3
a: no special abilities


You were on level 2 of the Dungeon.
You visited 1 branch of the dungeon, and saw 2 of its levels.

You collected 105 gold pieces.

Inventory:

Hand Weapons
 a - a +0 dagger (weapon)
Missiles
 b - 2 stones
 l - 6 boomerangs (quivered)
Armour
 d - a +0 robe
 e - a +1 hat (worn)
 j - a +0 ring mail (worn)
Scrolls
 c - 2 scrolls of teleportation
 f - a scroll of enchant weapon {unknown}
 h - 2 scrolls of immolation {unknown}
 i - a scroll of blinking {unknown}
 k - 3 scrolls of remove curse {unknown}
 o - a scroll of identify {unknown}
Potions
 g - a potion of lignification {unknown}
 m - 2 potions of curing {unknown}
 n - a potion of degeneration {unknown}


   Skills:
 * Level 2.1 Fighting
 - Level 1.0 Throwing
 - Level 1.5 Dodging
 + Level 3.9 Stealth
 - Level 1.0 Necromancy
 - Level 4.0 Transmutations


You had 2 spell levels left.
You didn't know any spells.
Your spell library contained the following spells:

 Spells                   Type           Power        Failure   Level
 Passwall                 Tmut/Erth      3%           41%         2
 Corona                   Hex            0%           56%         1
 Sandblast                Erth           0%           56%         1
 Stone Arrow              Conj/Erth      0%           90%         3
 Summon Guardian Golem    Hex/Summ       0%           90%         3
 Petrify                  Tmut/Erth      4%           96%         4
 Lee's Rapid Deconstruct  Erth           0%           100%        5


Dungeon Overview and Level Annotations

Branches:
Dungeon (2/15)

Altars:


Innate Abilities, Weirdness & Mutations

You have extremely sharp teeth.
When hurt, damage is shared between your health and your magic reserves.
Your bite disrupts and absorbs the magic of your enemies.
Potions cannot restore your health.


Message History

* * * LOW HITPOINT WARNING * * *
The black bear claws you but does no damage.
You hit the black bear but do no damage.
You bite the black bear. You drain its power.
You feel invigorated.
The black bear is heavily wounded.
The black bear closely misses you. The black bear barely misses you. x2
You hit the black bear but do no damage.
You bite the black bear. You drain its power.
You feel invigorated.
The black bear is severely wounded.
The black bear barely misses you. The black bear claws you.
The black bear barely misses you.
You hit the black bear but do no damage.
You bite the black bear. You drain its power.
You feel invigorated.
The black bear is severely wounded.
The black bear goes berserk!
You hit the black bear but do no damage.
The black bear is severely wounded.
The black bear closely misses you. x2; The black bear misses you.
The black bear completely misses you. The black bear claws you.
You die...

#># #.# #.# #.# #.#
... #.# ... #h# ...
#@# #.# #.#
#.#####<######
#.#............
#.#.####.#####...
######'#.#..#.# ..#
#...........#.. #.# #.
#.......###.########.#
...
#.......+..........#.#
#.#


You could see a black bear (berserk).

Vanquished Creatures
  An adder (D:2)
  An ooze (D:1)
  2 worms
  A dart slug (D:1)
  A leopard gecko (D:1)
  3 bats (D:1)
  4 giant cockroaches
  3 goblins (D:1)
  4 hobgoblins
  4 kobolds (D:1)
  A frilled lizard (D:2)
  4 rats
29 creatures vanquished.

Notes
Turn   | Place    | Note
-------+----------+-------------------------------------------
     0 | D:1      | porpoise the Vine Stalker Wanderer began the quest for the
                  | Orb.
     0 | D:1      | porpoise set off with the following items: a +0 club, a
                  | scroll of teleportation, a +0 robe, a +0 dagger; and the
                  | following spells available to memorise: Passwall, Corona,
                  | Sandblast, Stone Arrow, Summon Guardian Golem, Petrify,
                  | Lee's Rapid Deconstruction
     0 | D:1      | Reached XP level 1. HP: 9/9 MP: 2/2
   430 | D:1      | Reached XP level 2. HP: 14/14 MP: 3/3
   458 | D:1      | Reached skill level 1 in Fighting
   934 | D:1      | Reached XP level 3. HP: 17/18 MP: 4/4
  2324 | D:2      | Noticed a black bear
  2339 | D:2      | Slain by a black bear

Illustrated notes

Levels and vault maps discovered:
D:1:      minmay_arrival_solitary_statue, layout_basic,
          chequers_serial_rivers_micro_b, serial_bayou_pond_a
D:2:      layout_basic, general_overflow_altar

Skill      XL: |  1  2  3 |
---------------+----------+-----
Fighting       | 1 2 |  2.1
Stealth        | 3 |  3.9
Throwing       | |  1.0
Dodging        | |  1.5
Necromancy     | |  1.0
Transmutations | |  4.0

Action                   || total
-------------------------++-------
Melee: Dagger            ||   163
       Bite              ||    48
Throw: Stone             ||     2
 Stab: Sleeping          ||     2
Armor: Robe              ||    11
       Ring mail         ||    50
Dodge: Dodged            ||    91
